 Dungeon Crawl Stone Soup version 0.29-a0-780-g652cadfb38 (webtiles) character file.

Game seed: 4863342860552064353

154 Gargoyl the Chopper (level 5, -1/49 HPs)
             Began as a Gargoyle Berserker on July 2, 2022.
             Was a Believer of Trog.
             Slain by raistware's ghost (11 damage)
             ... on level 3 of the Dungeon.
             The game lasted 00:02:44 (2945 turns).

Gargoyl the Chopper (Gargoyle Berserker)            Turns: 2945, Time: 00:02:45

Health: -1/49      AC:  8    Str: 21    XL:     5   Next: 36%
Magic:  5/5        EV: 12    Int:  7    God:    Trog [**....]
Gold:   204        SH:  0    Dex: 11    Spells: 4/4 levels left

rFire   . . .      SeeInvis .   k - +3 dagger (drain)
rCold   + . .      Faith    .   (no shield)
rNeg    + . .      Spirit   .   b - +0 animal skin
rPois   ∞          Reflect  .   (no helmet)
rElec   +          Harm     .   (no cloak)
rCorr   .          Rampage  .   e - +1 pair of gloves
Will    .....                   (no boots)
Stlth   ..........              (no amulet)
HPRegen 0.16/turn               l - ring of protection from cold
MPRegen 0.09/turn               (no ring)

@: berserking (expiring), very quick
A: sickness immunity, AC +4, negative energy resistance 1, electricity
resistance, torment resistance 1, petrification resistance
a: Renounce Religion, Berserk, Trog's Hand


You were on level 3 of the Dungeon.
You worshipped Trog.
Trog was pleased with you.
You visited 1 branch of the dungeon, and saw 3 of its levels.

You collected 204 gold pieces.

Inventory:

Hand Weapons
 a - a +0 hand axe
 k - a +3 dagger of draining (weapon)
Missiles
 m - 9 poisoned darts (quivered)
Armour
 b - a +0 animal skin (worn)
 e - a +1 pair of gloves (worn)
Jewellery
 l - a ring of protection from cold (left hand)
Wands
 h - a wand of polymorph (7)
Scrolls
 f - a scroll of blinking
 i - 2 scrolls of identify
Potions
 c - 2 potions of brilliance
 d - a potion of berserk rage
 g - 2 potions of curing {unknown}
 j - a potion of haste {unknown}


   Skills:
 + Level 4.0 Fighting
 + Level 0.4 Short Blades
 + Level 4.2 Axes
 + Level 2.2 Armour
 + Level 2.4 Dodging
 + Level 0.6 Stealth


You had 4 spell levels left.
You didn't know any spells.
Your spell library was empty.

Dungeon Overview and Level Annotations

Branches:
Dungeon (3/15)

Altars:

Shops:
D:1 *

Annotations:
D:3 raistware's ghost, weakling MiFi


Innate Abilities, Weirdness & Mutations

You are immune to sickness and miasma.
Your stone body is resilient. (AC +4)
You are immune to poison.
You resist negative energy. (rN+)
You are resistant to electric shocks. (rElec)
You are resistant to unholy torment.
You are immune to petrification.


Message History

Raistware's ghost hits you.
You hit raistware's ghost.
Raistware's ghost is heavily damaged.
Raistware's ghost barely misses you.
You hit raistware's ghost but do no damage.
Raistware's ghost is heavily damaged.
You completely miss raistware's ghost.
Raistware's ghost is heavily damaged.
Raistware's ghost barely misses you.
You hit raistware's ghost but do no damage.
Raistware's ghost is heavily damaged.
Raistware's ghost misses you.
You barely miss raistware's ghost.
Raistware's ghost is heavily damaged.
You hit raistware's ghost but do no damage.
Raistware's ghost is heavily damaged.
Raistware's ghost hits you but does no damage.
You completely miss raistware's ghost.
Raistware's ghost is heavily damaged.
Raistware's ghost hits you!
You completely miss raistware's ghost.
Raistware's ghost is heavily damaged.
You puncture raistware's ghost!
Raistware's ghost is almost destroyed.
Raistware's ghost hits you but does no damage.
You closely miss raistware's ghost.
Raistware's ghost is almost destroyed.
Raistware's ghost hits you.
You hit raistware's ghost.
Raistware's ghost is almost destroyed.
You closely miss raistware's ghost.
Raistware's ghost is almost destroyed.
Raistware's ghost hits you!
* * * LOW HITPOINT WARNING * * *
You barely miss raistware's ghost.
Raistware's ghost is almost destroyed.
You hit raistware's ghost.
Raistware's ghost is almost destroyed.
Raistware's ghost hits you!
You die...

#.# #.#.# #.# #.#.#
##)#############.#.#
#.............##.#..
#.............##.#..
#..#########..##.#..
#..#.$.....#..##^#..
#..#W.#.#..#..##.#..
#..@...#.?.#..##.#..
#..'.....[.#..##.#..
##..'...#...#.)##.#..
#...#..#.#..#..##.##.
#...#.......#..##.###
#...#########..##.#.!
#..............##.#.#
#..............##.#.#
#.##..##..#.##.##.#.#


You could see raistware's ghost.

Vanquished Creatures
  Natasha (twice) (D:2)
  4 adders
  A worm (D:2)
  2 dart slugs (D:1)
  An orc (D:2)
  6 ball pythons
  6 endoplasms
  5 giant cockroaches
  6 goblins
  6 hobgoblins
  3 jackals (D:1)
  A quokka (D:1)
  2 bats (D:1)
  4 frilled lizards
  5 kobolds
  6 rats
60 creatures vanquished.

Notes
Turn   | Place    | Note
-------+----------+-------------------------------------------
     0 | D:1      | Gargoyl the Gargoyle Berserker began the quest for the Orb.
     0 | D:1      | Reached XP level 1. HP: 14/14 MP: 1/1
     6 | D:1      | Noticed a redback
     6 | D:1      | Noticed a polar bear
     7 | D:1      | Noticed an anaconda
   376 | D:1      | Reached XP level 2. HP: 19/19 MP: 2/2
   685 | D:1      | Reached XP level 3. HP: 23/23 MP: 3/3
   859 | D:1      | Found Ludet's Assorted Antiques.
  1192 | D:2      | Reached ** piety under Trog
  1311 | D:2      | Reached XP level 4. HP: 29/29 MP: 4/4
  1747 | D:2      | Noticed Natasha
  1754 | D:2      | Killed Natasha
  1874 | D:2      | Noticed Natasha
  1884 | D:2      | Killed Natasha
  1885 | D:2      | Reached XP level 5. HP: 25/33 MP: 5/5
  2210 | D:3      | Found a runed translucent gate.
  2210 | D:3      | Found a runed translucent gate.
  2248 | D:3      | Noticed raistware's ghost (weakling MiFi)
  2257 | D:3      | Found a runed translucent gate.
  2622 | D:3      | Found a faded altar of an unknown god.
  2945 | D:3      | Slain by raistware's ghost

Illustrated notes

Levels and vault maps discovered:
D:1:      onia_arrival_zoo_common, layout_basic, serial_shops,
          nicolae_square_shop, st_stairs_7
D:2:      layout_basic, palyth_stone_intersect, st_stairs_2,
          amcnicky_mini_pool_small, uniq_natasha
D:3:      layout_basic, gammafunk_ghost_split, chequers_ecumenical_altar_lobes

Skill      XL: |  1  2  3  4 |
---------------+-------------+-----
Axes           | 3 4 |  4.2
Dodging        | 2 |  2.4
Fighting       | 4 |  4.0
Short Blades   | |  0.4
Armour         | |  2.2
Stealth        | |  0.6

Action                   |  1- 3 |  4- 6 || total
-------------------------+-------+-------++-------
Melee: Hand axe          |    80 |     9 ||    89
       Dagger            |       |    85 ||    85
       Punch             |       |     1 ||     1
Invok: Berserk           |     2 |     1 ||     3
  Use: Scroll            |     2 |     7 ||     9
Armor: Animal skin       |    34 |    27 ||    61
Dodge: Dodged            |    63 |    51 ||   114

Table legend: (Time is in decaauts)
 A = Elapsed time spent in this place.
 B = Non-inter-level travel time spent in this place.
 C = Inter-level travel time spent in this place.
 D = Time resting spent in this place.
 E = Time spent auto-exploring this place.
 F = Levels seen in this place.
 G = Mean time per level.
                   A        B        C        D        E       F      G
               +--------+--------+--------+--------+--------+-----+--------+
         Total |   2969 |   2922 |     47 |      0 |   2348 |   3 |  989.7 |
       Dungeon |   2969 |   2922 |     47 |      0 |   2348 |   3 |  989.7 |
               +--------+--------+--------+--------+--------+-----+--------+

Top non-repeatable levels by time:
     D:1: 1133 daAuts
     D:3: 918 daAuts
     D:2: 916 daAuts
